 Dungeon Crawl Stone Soup version 0.24-a0-458-gfcb5e6d (webtiles) character file.

Game seed: 175908281733806113

35 silenth the Cudgeler (level 3, 0/29 HPs)
             Began as a Human Berserker on June 27, 2019.
             Was a Follower of Trog.
             Slain by a hobgoblin
             ... wielding a cursed +0 club
              (4 damage)
             ... on level 2 of the Dungeon.
             The game lasted 00:00:52 (976 turns).

silenth the Cudgeler (Human Berserker)               Turns: 976, Time: 00:00:54

Health: 0/29       AC:  3    Str: 17    XL:     3   Next: 55%
Magic:  3/3        EV: 12    Int:  7    God:    Trog [*.....]
Gold:   83         SH:  0    Dex: 15    Spells: 2/2 levels left

rFire    . . .     SeeInvis .   a - +0 mace
rCold    . . .     Gourm    .   (no shield)
rNeg     . . .     Faith    .   f - +0 leather armour
rPois    .         Spirit   .   (no helmet)
rElec    .         Reflect  .   (no cloak)
rCorr    .         Harm     .   (no gloves)
MR       .....                  (no boots)
Stlth    +.........             (no amulet)
HPRegen  0.09/turn              i - +2 ring of dexterity
MPRegen  0.08/turn              (no ring)

@: berserk cooldown, slowed, very slow
A: no striking features
a: Berserk, Renounce Religion


You were on level 2 of the Dungeon.
You worshipped Trog.
Trog was aware of your devotion.
You were not hungry.

You visited 1 branch of the dungeon, and saw 2 of its levels.

You collected 83 gold pieces.

Inventory:

Hand Weapons
 a - a +0 mace (weapon)
Armour
 b - a +0 animal skin
 f - a +0 leather armour (worn)
Jewellery
 i - a +2 ring of dexterity (left hand)
Scrolls
 c - 3 scrolls of magic mapping {unknown}
 d - a scroll of fog {unknown}
 g - a scroll of enchant armour {unknown}
 h - a scroll of identify {unknown}
Potions
 k - a potion of flight {unknown}
Comestibles
 e - a ration
 j - a chunk of flesh


   Skills:
 + Level 3.4 Fighting
 * Level 4.0 Maces & Flails
 - Level 2.0 Armour
 - Level 2.0 Dodging


You had 2 spell levels left.
You didn't know any spells.
Your spell library was empty.

Dungeon Overview and Level Annotations

Branches:
Dungeon (2/15)

Altars:


Message History

You feel sick.
You see here a yellow potion.
k - a yellow potion The hobgoblin shouts!
You feel sick.
A hobgoblin comes into view. It is wielding a +0 club.
You hit the hobgoblin.
You kill the hobgoblin!
Trog accepts your kill.
Your Maces & Flails skill increases to level 4!
You feel sick.
You are no longer poisoned.
You see here a hobgoblin corpse.
The hobgoblin hits you with a cursed +0 club.
* * * LOW HITPOINT WARNING * * *
The hobgoblin hits you with a cursed +0 club.
* * * LOW HITPOINT WARNING * * *
You closely miss the hobgoblin.
The hobgoblin hits you with a cursed +0 club.
You die...

#.. .#g....
#..#.#.....#
######..#.......#
................#
................#
................
................
........÷..#
.......@g.<#
######.†#..#
#..#..# #..#..#
#..#...
#.......####.
#.####... .#
▒..▒▒ # ▒▒▒.


You could see a hobgoblin.

Vanquished Creatures
  An adder (D:2)
  A dart slug (D:1)
  A leopard gecko (D:1)
  6 goblins (D:1)
  A hobgoblin (D:2)
  2 kobolds (D:1)
  5 bats
  2 frilled lizards (D:1)
  5 rats (D:1)
24 creatures vanquished.

Notes
Turn   | Place    | Note
-------+----------+-------------------------------------------
     0 | D:1      | silenth the Human Berserker began the quest for the Orb.
     0 | D:1      | Reached XP level 1. HP: 18/18 MP: 1/1
   120 | D:1      | Reached XP level 2. HP: 24/24 MP: 2/2
   461 | D:1      | Reached XP level 3. HP: 28/29 MP: 3/3
   973 | D:2      | Reached skill level 4 in Maces & Flails
   976 | D:2      | Slain by a hobgoblin

Levels and vault maps discovered:
D:1:      lemuel_arrival_broad_hall, layout_basic
D:2:      layout_basic, lemuel_doored_altar, grunt_decor_resistance

Skill      XL: |  1  2  3 |
---------------+----------+-----
Maces & Flails | 4 |  4.0
Fighting       | |  3.4
Armour         | |  2.0
Dodging        | |  2.0

Action                   || total
-------------------------++-------
Melee: Mace              ||    70
Invok: Berserk           ||     1
 Stab: Sleeping          ||     1
  Eat: Chunk             ||     1
Armor: Animal skin       ||     7
       Leather armour    ||    14
Dodge: Dodged            ||    61

Table legend:
 A = Non-vault XP
 B = Vault XP
 C = Vault XP percentage of total XP
 D = Non-vault monster count
 E = Vault monster count
 F = Vault count percentage of total count
                 A         B        C        D         E       F
            +---------+---------+-------+---------+---------+-------
      Total |      51 |       0 |   0.0 |      24 |       0 |   0.0
            +---------+---------+-------+---------+---------+-------
        D:1 |      35 |       0 |   0.0 |      21 |       0 |   0.0
        D:2 |      16 |       0 |   0.0 |       3 |       0 |   0.0
            +---------+---------+-------+---------+---------+-------
